Cogmind - Beta 14 @@@ ROGUE MODE // 2025.01.15 @ 08:03:39 Player: star Result: Destroyed by 02-4Z8(R) with Subdweller Beam Cannon Performance ------------- Evolutions (0) 0 Regions Visited (2) 400 Robots Destroyed (25) 125 Value Destroyed (607) 607 Prototype IDs (0) 0 Alien Tech Used (0) 0 Bonus (-70) -70 TOTAL SCORE: 1062 Bonus ------- Follower Combat Kills 30 Friendly Fire -100 Cogmind --------- Core Integrity 0/250 Matter 163/300 Energy 125/125 System Corruption 4% Temperature Cool (9) Movement Core (300) Ox5 Location -10/Subcaves Parts ------- > --- POWER (1) -------- Light Ion Engine > --- PROPULSION (2) --- (None) > --- UTILITY (2) ------ Disposable Heat Sink Medium Storage Unit > --- WEAPON (2) ------- Grenade Launcher > --- INVENTORY (10) --- Aluminum Leg Aluminum Leg High-capacity Matter Pod (0) Subdweller Optics Light Assault Rifle Grenade Launcher Peak State ------------ > --- POWER ------------ Ion Engine > --- PROPULSION ------- Aluminum Leg Aluminum Leg > --- UTILITY ---------- Disposable Heat Sink Subdweller Optics > --- WEAPON ----------- Subdweller Machine Gun Battle Cannon > --- INVENTORY -------- Light Ion Engine Aluminum Leg Aluminum Leg Grenade Launcher [Rating: 11] Favorites ----------- Power Ion Engine Engine Ion Engine Propulsion Aluminum Leg Leg Aluminum Leg Wheel Compact Wheel Utility Medium Storage Unit Device Disposable Heat Sink Storage Medium Storage Unit Protection Scrap Shield Weapon Battle Cannon Energy Gun EM Pulse Gun Ballistic Gun Assault Rifle Ballistic Cannon Battle Cannon Launcher Grenade Launcher Build | -11 -10 -10 ------- Run | Yrd Mat Sub Slots Evolved . | . . . Power . | . . . Propulsion . | . . . Utility . | . . . Weapon . | . . . Parts Attached 25 | 6 7 12 Power 2 | 1 . 1 Engine 2 | 1 . 1 Core . | . . . Reactor . | . . . Propulsion 5 | 2 2 1 Treads . | . . . Leg 3 | . 2 1 Wheel 2 | 2 . . Hover . | . . . Flight . | . . . Utility 7 | 1 2 4 Device 2 | . . 2 Storage 3 | 1 1 1 Processor . | . . . Hackware . | . . . Protection 2 | . 1 1 Artifact . | . . . Weapon 11 | 2 3 6 Energy Gun 2 | . . 2 Energy Cannon . | . . . Ballistic Gun 4 | 2 1 1 Ballistic Cannon 2 | . . 2 Launcher 3 | . 2 1 Special Weapon . | . . . Impact Weapon . | . . . Slashing Weapon . | . . . Piercing Weapon . | . . . Special Melee Weapon . | . . . Unidentified Prototypes . | . . . Parts Lost 8 | . . 8 Power 1 | . . 1 Propulsion 3 | . . 3 Utility 1 | . . 1 Weapon 3 | . . 3 Highest Loss Streak 4 | . . 4 To Critical Strikes . | . . . Average Slot Usage (%) 93 | . 98 91 Engine 14 | . 14 14 Leg 24 | . 16 27 Wheel 3 | . 11 . Device 5 | . . 7 Storage 8 | . 14 6 Protection 8 | . 12 6 Energy Gun 5 | . . 8 Ballistic Gun 9 | . 20 5 Ballistic Cannon 9 | . . 13 Launcher 2 | . 7 . Peak Build Rating 11 | 6 8 11 Average Rating 9 | 4 7 9 On Entrance 4 | . 6 8 Naked Turns . | . . . Heaviest Build 28 | 13 21 28 Greatest Support 32 | 32 32 20 Greatest Overweight (x) 1 | . 1 1 Average Overweight (x) . | . . . Largest Inventory Capacity 10 | 8 10 10 Average Capacity 7 | 6 9 7 Most Carried 10 | 1 10 10 Average Carried 6 | . 9 5 Final Capacity 10 | 8 10 10 Final Carried 10 | 1 10 6 Class Distribution -------------------- 100% | Mutant Dominant Class ---------------- Mutant | -10/Materials Mutant | -10/Subcaves Resources | -11 -10 -10 ----------- Run | Yrd Mat Sub Matter Collected 1084 | 259 233 592 Remotely . | . . . Salvage Created 428 | . 231 197 Parts 42 | . 28 14 Haulers Intercepted 1 | . 1 . Recyclers Shooed 2 | . 2 . Parts Field Recycled . | . . . Retrieved Matter . | . . . Parts Self-Destructed 15 | . . 15 Prevented . | . . . Kills | -11 -10 -10 ------- Run | Yrd Mat Sub Combat Hostiles Destroyed 20 | . 13 7 Guns 4 | . 2 2 Cannons 4 | . . 4 AOE 12 | . 11 1 Classes Destroyed 7 | . 5 2 Tunneler 1 | . 1 . Hauler 1 | . 1 . Watcher 2 | . 2 . Swarmer 9 | . 9 . Grunt 4 | . 4 . Sentry 2 | . . 2 Subdweller 6 | . . 6 Best Kill Streak 6 | . 6 2 Combat Bots Only 5 | . 5 2 Max Kills in Single Turn 2 | . 2 1 Gunslinging . | . . . Exploded 1 | . 1 1 Melee . | . . . Uniques/NPCs Destroyed . | . . . Combat | -11 -10 -10 -------- Run | Yrd Mat Sub Hostile Shots Fired 94 | . 37 57 Missed 27 | . 12 15 Damage Taken 1378 | . 349 1029 Core 255 | . 66 189 Absorbed by Shields . | . . . Redirected to Shielding 34 | . 34 . Core Remaining (%) 100 | 100 . . Volleys Fired 103 | . 28 75 Largest 2 | . 2 2 Hottest 99 | . 50 99 Shots Fired 147 | . 44 103 Gun 55 | . 30 25 Cannon 76 | . . 76 Launcher 16 | . 14 2 Special . | . . . Kinetic 117 | . 30 87 Thermal 2 | . . 2 Explosive 16 | . 14 2 Electromagnetic 12 | . . 12 Robot Hit Streak 14 | . 6 14 Robot Miss Streak 3 | . 3 1 Penetration Max . | . . . Secondary Targets . | . . . Shots Hit Robots 66 | . 22 44 Core Hits 40 | . 26 14 Critical Kills . | . . . Critical Parts Destroyed . | . . . Critical Strikes 2 | . . 2 Blast 2 | . . 2 Melee Attacks . | . . . Impact . | . . . Slashing . | . . . Piercing . | . . . Sneak Attacks . | . . . Combat Hostiles . | . . . Follow-up Attacks . | . . . Damage Inflicted 1844 | . 835 1009 Guns 368 | . 162 206 Cannons 625 | . . 625 Explosions 847 | . 669 178 Melee . | . . . Ramming 4 | . 4 . Kinetic 884 | . 162 722 Thermal 45 | . . 45 Explosive 823 | . 645 178 Electromagnetic 88 | . 24 64 Impact . | . . . Slashing . | . . . Piercing . | . . . Highest Corruption 4 | . 4 4 Average Corruption 3 | . 3 4 Corruption Purged . | . . . Corruption Blocked . | . . . Effects 59 | . 11 48 Message Errors 13 | . 5 8 Matter Fused 13 | . . 13 Heat Flow Errors 4 | . . 4 Energy Discharges 10 | . 2 8 Parts Rejected 1 | . . 1 Parts Fused 1 | . 1 . Data Loss (minor) 6 | . 2 4 Data Loss (major) 4 | . . 4 Misfires 6 | . 1 5 Alerts 1 | . . 1 Overload Shots . | . . . Overflow Damage . | . . . Projectiles . | . . . Explosions . | . . . Melee . | . . . Knockbacks 6 | . . 6 Impact . | . . . Kinetic 6 | . . 6 Secondary . | . . . Self-Inflicted Damage 109 | . 67 42 Shots 6 | . 4 2 Rammed 1 | . 1 . Targets Rammed 1 | . 1 . Kicked . | . . . Crushed . | . . . Highest Temperature 194 | . 12 194 Average Temperature 53 | . 6 67 Received Heat Transfer 279 | . 48 231 Siege Activations . | . . . Robots Corrupted 1 | . . 1 Combat Hostiles . | . . . Parts Fried . | . . . Impact Corruptions . | . . . Robots Melted . | . . . Combat Hostiles . | . . . Parts Melted 1 | . . 1 Heat Transferred 50 | . . 50 Parts Sabotaged . | . . . Parts Stolen . | . . . Parts Stripped . | . . . Power Chain Reactions . | . . . Alert | -11 -10 -10 ------- Run | Yrd Mat Sub Peak Influence 342 | . 342 . Initial . | . . . Average 98 | . 104 . Maximum Alert Level 1 | . 1 . Low Security (%) 77 | 100 76 . Level 1 22 | . 23 . Level 2 . | . . . Level 3 . | . . . Level 4 . | . . . Level 5 . | . . . High Security . | . . . Max Security . | . . . Squads Dispatched 2 | . 2 . Investigation . | . . . Extermination . | . . . Reinforcement 2 | . 2 . Assault . | . . . Garrison . | . . . Intercept . | . . . Searches Triggered . | . . . Construction Impeded . | . . . Haulers Reinforced . | . . . Active Scanning Responses . | . . . Cargo Convoy Interrupts . | . . . Stealth | -11 -10 -10 --------- Run | Yrd Mat Sub Distress Signals 2 | . 2 . Communications Jammed . | . . . Distress Signals . | . . . Times Spotted 31 | . 21 10 Peak Tracking Total 5 | . 5 2 Tactical Retreats 1 | . 1 . Traps | -11 -10 -10 ------- Run | Yrd Mat Sub Traps Triggered 6 | . 4 2 Indirectly . | . . . Trap Hack Attempts . | . . . Triggered . | . . . Disarmed . | . . . Reprogrammed . | . . . Reused . | . . . Traps Extracted . | . . . Installed . | . . . Triggered . | . . . Machines | -11 -10 -10 ---------- Run | Yrd Mat Sub Machines Disabled 5 | . 5 . Max in Single Turn 2 | . 2 . Machines Repaired . | . . . Machines Dismantled . | . . . Machines Sabotaged . | . . . Overloaded Fab Kills . | . . . Hacking | -11 -10 -10 --------- Run | Yrd Mat Sub Machines Accessed 3 | . . 3 Terminals . | . . . Fabricators . | . . . Repair Stations . | . . . Recycling Units . | . . . Scanalyzers . | . . . Garrison Access . | . . . Total Hacks 6 | . . 6 Successful 6 | . . 6 Failed . | . . . Catastrophic . | . . . Database Lockouts . | . . . Manual . | . . . Terminals . | . . . Fabricators . | . . . Repair Stations . | . . . Recycling Units . | . . . Scanalyzers . | . . . Garrison Access . | . . . Terminal Hacks 6 | . . 6 Record 4 | . . 4 Open Door 1 | . . 1 Release Object 1 | . . 1 Fabricator Hacks . | . . . Repair Station Hacks . | . . . Recycling Unit Hacks . | . . . Scanalyzer . | . . . Garrison Access Hacks . | . . . Unauthorized Hacks . | . . . Terminals . | . . . Fabricators . | . . . Repair Stations . | . . . Recycling Units . | . . . Scanalyzers . | . . . Garrison Access . | . . . Data Cores Recovered . | . . . Used . | . . . Hacking Detections . | . . . Full Trace Events . | . . . Feedback Events . | . . . Feedback Blocked . | . . . Robot Schematics Acquired . | . . . Robots Built . | . . . Authchips . | . . . Time . | . . . Total Robot Build Rating . | . . . Part Schematics Acquired . | . . . Parts Built . | . . . Authchips . | . . . Time . | . . . Total Part Build Rating . | . . . Parts Repaired . | . . . Time . | . . . Parts Recycled . | . . . Recycled Matter . | . . . Retrieved Matter . | . . . Retrieved Components . | . . . Parts Scanalyzed . | . . . Part Schematics Acquired . | . . . Parts Damaged . | . . . Bothacking | -11 -10 -10 ------------ Run | Yrd Mat Sub Used RIF Installer . | . . . Robots Hacked . | . . . Non-combat . | . . . Combat . | . . . Robot Hacks Applied . | . . . Relay Couplers Released . | . . . Fabnet Peak Effective % . | . . . Robots Rewired 1 | . . 1 Allies Hacked . | . . . Hacks Repelled . | . . . Allies | -11 -10 -10 -------- Run | Yrd Mat Sub Total Allies 1 | . . 1 Largest Group 1 | . . 1 Highest-Rated Group 19 | . . 19 Highest-Rated Ally 19 | . . 19 Total Orders . | . . . Ally Attacks 5 | . . 5 Total Damage 84 | . . 84 Kills 1 | . . 1 Allies Corrupted 1 | . . 1 Allies Melted . | . . . Intel | -11 -10 -10 ------- Run | Yrd Mat Sub Robot Analysis Total . | . . . Derelict Logs Recovered 1 | . . 1 Drone Launches . | . . . Drone Recoveries . | . . . Exploration | -11 -10 -10 ------------- Run | Yrd Mat Sub Turns Passed 3279 | 57 909 2313 Spaces Moved 1778 | 47 575 1156 Core 1 | 1 . . Treads . | . . . Legs 1417 | . 261 1156 Wheels 360 | 46 314 . Hover . | . . . Flight . | . . . Fastest Speed 50 | 50 100 120 Average Speed 163 | 98 138 179 Slowest Speed 190 | 100 190 190 Overloaded Moves . | . . . Propulsion Burnouts . | . . . Robots Hopped . | . . . Cave-ins Triggered . | . . . Exploration Rate (%) 46 | 4 86 50 Regions Visited 2 Branch Regions 1 Pre-discovered Areas 2 | . . 2 Known Exits Taken . | . . . Unknown Exits Taken 2 | 1 1 . Scrap Searched . | . . . Spaces Dug 2 | . . 2 Terrain Destroyed 90 | . 79 11 Melee . | . . . Projectile 4 | . . 4 AOE 86 | . 79 7 Terrain Rammed . | . . . Walls Destroyed . | . . . Machines Disabled . | . . . Actions | -11 -10 -10 --------- Run | Yrd Mat Sub Total 1995 | 54 647 1294 Wait 64 | 1 25 38 Move 1776 | 46 574 1156 Hop . | . . . Pick Up 16 | 1 10 5 Fast Attach 13 | 6 1 6 Attach 3 | . . 3 Detach 1 | . . 1 Swap 9 | . 6 3 Drop 6 | . 2 4 Fire 103 | . 28 75 Melee . | . . . Ram 1 | . 1 . Kick . | . . . Crush . | . . . Escape Stasis . | . . . Rewire 2 | . . 2 Trap . | . . . Miscellaneous 1 | . . 1 Route ------- -11/Scrapyard -10/Materials (discovered 6 exits: [*Mat x3] / [*Min x2] / *Sub) -10/Subcaves (discovered 2 exits: [*Mat x2]) History --------- Turn | Location | Event 15 | -11/Scrapyard | Discovered new exit (range 16) 58 | -11/Scrapyard | Entered Materials 311 | -10/Materials | Discovered new exit (range 8) 317 | -10/Materials | Build established: Mutant 558 | -10/Materials | Discovered new exit (range 15) 671 | -10/Materials | Discovered new exit (range 15) 834 | -10/Materials | Discovered new exit (range 13) 919 | -10/Materials | Discovered new exit (range 15) 955 | -10/Materials | Discovered new exit (range 7) 967 | -10/Materials | Entered Subcaves 975 | -10/Subcaves | Learned location of Storage (-7) 989 | -10/Subcaves | Shifting Twisted Machinery released Scrap Shield 993 | -10/Subcaves | Shifting Twisted Machinery released Battle Cannon 1045 | -10/Subcaves | Discovered new exit (range 9) 1062 | -10/Subcaves | Visited Clippyterm 1068 | -10/Subcaves | Learned location of Extension (-6) 1472 | -10/Subcaves | A swath of the cavern ceiling suddenly collapsed 1950 | -10/Subcaves | A swath of the cavern ceiling suddenly collapsed 2008 | -10/Subcaves | Discovered new exit (range 5) 2865 | -10/Subcaves | Core integrity fell below 50% 3270 | -10/Subcaves | Core integrity fell below 20% 3280 | -10/Subcaves | Destroyed by 02-4Z8(R) with Subdweller Beam Cannon Last Messages --------------- 03025_ Acquired 4 matter. 03027_ Subatomizers dissect the Sub. Power Source. 03029_ Acquired 9 matter. 03030_ Acquired 23 matter. 03038_ Subatomizers dissect the Sub. Laser. 03038_ Acquired Sub. Laser. 03049_ Subatomizers dissect the Sub. Optics. 03115_ System corrupted: Energy discharge (-40). 03118_ Acquired 10 matter. 03120_ Acquired 12 matter. 03142_ System corrupted: Heat flow error (+259). 03178_ <%YWQ2J9QU 03230_ System corrupted: Energy discharge (-47). 03255_ System corrupted: Energy discharge (-43). 03272_ Aluminum Leg destroyed. 03272_ QJ-LU4(R) knocked back. 03274_ Battle Cannon destroyed. 03276_ Sub. Laser destroyed. 03278_ QJ-LU4(R) destroyed. 03280_ Aluminum Leg destroyed. Map ----- +----------------------------------------------------+ | ?????????????????????????????????????????????????? | | ?????????????????????????????????????????????????? | | ?????????????????????????????????????????????????? | | ?????????????????????????????????????????????????? | | ?????????????????????????????????????????????????? | | ?????????????????????????????????????????????????? | | ?????????????????????????????????????????????????? | | ?????????????????????????????????????????????????? | | ?????????????????????????????????????????????????? | | ??????????????????????????? ????????????????????? | | ????????????????????????## ????????????????????? | | ?????????????????????"### ????????????????????? | | ????????????????????? ?????????#####??????? | | ?????????????????????? ?????????## ##?????# | | ??????????????????? ?? ????????##" ##??### | | ???????????????????#"? ??????###" #### | | ???????????????????# ? ?????##" | | ???????????????????# ? #????##"" " " | | ???????????????????# ? #???##" "" ## """ | | ????????????????##?# ###?#" " ## #### | | ???????????????## # # # #### #### #?? | | ??????????????## #### ###??# #### | | ??????????????# ### ##?#### " # | | ??????????????# =%& ###" #??# " | | ??????????????# &R ]% ##" ##?#"" """ | | ??????????????# ??????# @ ### "#??##" " " | | ????????????????? ### ## #???## ""# | | ????????????????# ??????# ######" ###### | | ?????????????????????????## #### # #???? | | ??????????????????????????## ## ##???? | | ???????????????????????????## #???? | | ????????????????????????????# # ##???? | | ????????????????????????????# ######????? | | ????????????????????????????# #?????????? | | ????????????????????????????### #????????? | | ??????????????????????????????# #????????? | | ??????????????????????????????## ## ##????????? | | ???????????????????????????????#########?????????? | | ?????????????????????????????????????????????????? | | ?????????????????????????????????????????????????? | | ?????????????????????????????????????????????????? | | ?????????????????????????????????????????????????? | | ?????????????????????????????????????????????????? | | ?????????????????????????????????????????????????? | | ?????????????????????????????????????????????????? | | ?????????????????????????????????????????????????? | | ?????????????????????????????????????????????????? | | ?????????????????????????????????????????????????? | | ?????????????????????????????????????????????????? | | ?????????????????????????????????????????????????? | +----------------------------------------------------+ Best States ------------- Heat Dissipation 25 Coolant Potential 50 Energy Generation 10 Energy Capacity 250 Matter Stores 300 Matter Capacity 300 Sight Range 21 Terrain Scan Density 10 Armor Coverage 800 Weapon Shielding 33 Evasion (%) 55 Item Schematics ----------------- None Robot Schematics ------------------ None Fabricated ------------ Nothing Alien Tech Used ----------------- None Achievements -------------- None Challenges ------------ None Game ------ Seed CryofiberSystemBuckler Manual? 0 Play Time 00:23:16 Cumulative 140.0 hours Start 2025.01.15 @ 07:49:26 End 2025.01.15 @ 08:03:39 Sessions 1 Manual Loads 0 Difficulty Rogue Special Mode None Game No. 236 Rogue 236 Adventurer 0 Explorer 0 Win Type - Total 1 Types 1/0/0/0/0/0/0/0/0 Lore% 52 Gallery% 62 Achievement% 48 Wizard Run 0 Options --------- Layout 0 ASCII 0 Keyboard 1 Movement Numpad Keybinds 0 Fullscreen 2 Font 18/SmallcapsGlow Map View 76x50 Zoom Use 0% Tactical HUD 1 Map Filters NONE Filters NONE Steam 1 RUN: 03096204-c809-47c5-ab61-bca2dab07634